Map: Ruins of Endion

Players

HOODOUT - Winner!

  • Race: Zerg Zerg
  • League: Master

Miszu

  • Race: Terran Terran
  • League: Master

VOD

Have the link to the VOD?

Description

Time

  • Played on: April 17, 2016, 5:14 p.m.
  • Length: 18:15
Show
View Real Time Build Order
Export as new Build Order

HOODOUT Zerg - Winner!

Build Orders: Pool First 

Get SALT Encoding   

  12  0:01  Drone  
  13  0:08  Drone  
  13  0:13  Extractor  
  13  0:16  Drone  
  14  0:32  Spawning Pool  
  13  0:38  Drone  
  14  0:47  Extractor, Drone  
  15  0:53  Overlord  
  15  1:11  Drone  
  15  1:12  Drone x2  
  18  1:19  Metabolic Boost  
  18  1:24  Zergling x2  
  19  1:34  Zergling x2  
  20  1:47  Hatchery  
  20  1:49  Zergling x2  
  20  2:02  Zergling x2  
  21  2:09  Zergling x2  
  22  2:19  Overlord  
  22  2:36  Queen  
  24  2:40  Overlord  
  24  2:42  Drone  
  25  2:56  Drone  
  26  3:01  Queen  
  26  3:02  Drone x2  
  30  3:15  Queen  
  30  3:16  Drone x2  
  34  3:25  Overlord  
  34  3:26  Drone  
  35  3:44  Drone  
  35  3:45  Drone x3  
  39  3:57  Hatchery  
  39  3:58  Overlord  
  39  3:59  Drone x3  
  39  4:00  Queen  
  43  4:11  Roach Warren  
  43  4:12  Lair  
  42  4:18  Drone  
  42  4:19  Drone x2  
  42  4:23  Drone x2  
  47  4:26  Drone x2  
  47  4:29  Drone  
  50  4:43  Overlord  
  50  4:44  Extractor, Drone  
  50  4:45  Drone x4  
  54  4:46  Extractor  
  53  4:57  Overlord  
  53  4:58  Overlord, Drone  
  53  4:59  Drone x3  
  57  5:15  Overlord, Nydus Network  
  57  5:16  Roach  
  57  5:17  Roach x2  
  62  5:25  Roach x3  
  68  5:35  Overlord  
  68  5:36  Roach x3  
  74  5:47  Overlord  
  74  5:48  Roach  
  74  5:49  Roach x4  
  84  5:54  Nydus Canal  
  84  6:01  Roach x3  
  90  6:07  Roach  
  90  6:08  Roach  
  94  6:13  Roach x2  
  98  6:21  Roach x2  
  101  6:27  Queen x2  
  89  6:53  Queen  
  90  6:55  Roach x9  
  99  7:02  Queen  
  85  7:16  Extractor  
  85  7:17  Drone x2  
  85  7:18  Drone x7  
  85  7:22  Spire  
  92  7:24  Nydus Canal  
  92  7:39  Drone x5  
  92  7:40  Drone  
  92  7:42  Extractor  
  92  7:43  Extractor  
  96  7:49  Drone x4  
  96  7:50  Drone x3  
  103  7:54  Overlord x2  
  103  8:01  Overlord x2  
  103  8:33  Mutalisk  
  103  8:34  Mutalisk x6  
  117  8:44  Glial Reconstitution  
  117  8:47  Drone x2  
  119  8:50  Drone x2  
  119  8:51  Drone x2  
  121  9:04  Mutalisk  
  121  9:05  Mutalisk x2  
  127  9:10  Overlord x3  
  127  9:11  Overlord x2  
  127  9:19  Roach  
  127  9:20  Roach x4  
  132  9:37  Mutalisk x4  
  140  9:48  Roach  
  140  9:49  Roach x6  
  149  10:18  Overlord x3  
  149  10:19  Roach  
  149  10:20  Roach x9  
  168  10:24  Evolution Chamber  
  168  10:25  Evolution Chamber  
  162  10:45  Roach x3  
  162  10:46  Roach x5  
  172  10:50  Zerg Ground Armor Level 1  
  172  10:53  Mutalisk x3  
  177  11:05  Roach x5  
  177  11:23  Zerg Missile Weapons Level 1  
  177  11:29  Roach x8  
  193  11:33  Overlord  
  193  11:34  Overlord  
  193  11:40  Hatchery  
  178  11:49  Roach x2  
  178  11:50  Roach x5  
  144  11:57  Roach  
  144  11:58  Roach x4  
  144  11:59  Queen  
  146  12:07  Roach x3  
  136  12:20  Roach  
  136  12:21  Roach x2  
  142  12:42  Roach x4  
  142  12:43  Roach x4  
  158  12:44  Ravager  
  158  12:45  Ravager x9  
  168  12:53  Roach x6  
  168  12:57  Drone  
  168  12:58  Drone  
  182  13:06  Zerg Ground Armor Level 2  
  182  13:08  Drone x4  
  186  13:14  Drone  
  186  13:15  Drone  
  186  13:19  Drone  
  190  13:20  Drone x5  
  190  13:22  Extractor  
  190  13:25  Zerg Missile Weapons Level 2  
  193  13:28  Extractor  
  193  13:31  Roach x4  
  198  14:01  Roach  
  198  14:02  Roach x14  
  198  14:08  Roach x3  
  166  14:16  Queen  
  158  14:19  Roach  
  158  14:20  Roach x2  
  166  14:24  Roach x2  
  166  14:25  Roach  
  158  14:32  Roach  
  158  14:33  Roach x2  
  162  14:40  Ravager  
  162  14:41  Ravager x9  
  167  14:53  Drone x3  
  167  14:55  Drone  
  167  14:56  Drone x2  
  172  15:02  Roach x7  
  186  15:10  Drone  
  186  15:11  Drone x4  
  189  15:21  Roach x2  
  189  15:22  Roach x2, Spore Crawler  
  194  15:31  Roach x4  
  196  15:37  Roach x2  
  196  15:38  Roach  
  184  15:46  Roach x5  
  170  15:52  Roach  
  170  15:53  Roach x2  
  176  15:57  Roach x2  
  180  16:04  Roach  
  180  16:05  Roach x3  
  153  16:20  Roach x6  
  140  16:31  Roach  
  140  16:32  Roach x3  
  117  16:47  Roach  
  117  16:48  Roach x5  
  129  16:58  Roach x2  
  129  16:59  Roach  
  131  17:07  Roach x3  
  116  17:25  Roach  
  116  17:26  Roach x4  
  106  17:52  Roach  
  106  17:53  Roach x5  
Show
View Real Time Build Order
Export as new Build Order

Miszu Terran 

Build Orders: Reaper Expand, MMM Bio 

Get SALT Encoding   

  12  0:00  SCV  
  13  0:13  SCV  
  14  0:18  Supply Depot  
  14  0:25  SCV  
  15  0:39  SCV  
  15  0:42  Barracks  
  16  0:47  Refinery  
  16  0:51  SCV  
  17  1:03  SCV  
  18  1:15  SCV  
  19  1:30  Reaper, Orbital Command  
  20  1:41  Command Center  
  20  1:46  Supply Depot  
  20  1:55  SCV  
  20  1:59  Refinery  
  21  2:04  Marine  
  21  2:07  Factory  
  22  2:10  SCV  
  23  2:22  SCV  
  24  2:24  Barracks Reactor  
  23  2:34  SCV  
  24  2:40  Command Center  
  24  2:44  Supply Depot  
  24  2:45  Command Center  
  24  2:47  SCV  
  25  3:05  SCV  
  26  3:07  Hellion x2  
  26  3:08  Barracks Tech Lab  
  30  3:13  Supply Depot  
  30  3:17  SCV  
  31  3:28  Command Center  
  31  3:29  SCV  
  32  3:35  Marine  
  32  3:36  Stimpack  
  33  3:41  SCV  
  33  3:43  Hellion  
  33  3:45  Hellion  
  38  3:53  SCV  
  38  3:54  Marine  
  39  3:57  Orbital Command  
  39  4:05  Refinery, SCV  
  40  4:14  Factory Reactor  
  40  4:15  Barracks  
  40  4:18  Orbital Command  
  40  4:19  Barracks  
  40  4:22  Marine  
  40  4:23  SCV  
  42  4:35  SCV  
  43  4:38  Supply Depot  
  43  4:40  Marine  
  43  4:41  Orbital Command  
  43  4:45  SCV  
  45  4:47  SCV  
  46  4:57  SCV  
  46  4:58  Marine  
  49  5:00  SCV  
  49  5:02  Factory Reactor  
  49  5:04  Engineering Bay  
  49  5:05  Engineering Bay  
  49  5:09  SCV  
  49  5:12  SCV  
  51  5:15  Starport  
  51  5:17  Refinery  
  51  5:18  Refinery  
  51  5:20  Marine  
  52  5:21  Marine, SCV  
  52  5:24  SCV  
  52  5:25  Orbital Command  
  55  5:31  Terran Infantry Weapons Level 1, Terran Infantry Armor Level 1  
  55  5:33  SCV  
  56  5:36  SCV  
  56  5:42  Supply Depot  
  57  5:43  Marine  
  57  5:46  SCV  
  57  5:48  SCV, Combat Shields  
  57  5:49  Marine x4  
  64  5:51  SCV  
  65  5:58  SCV  
  65  6:00  SCV  
  65  6:03  SCV, Factory Reactor  
  68  6:07  Marine, Barracks  
  68  6:08  Marine x4  
  68  6:10  SCV  
  74  6:13  Medivac  
  74  6:15  Medivac  
  80  6:25  Marine  
  80  6:26  Marine x4  
  64  6:43  Marine  
  51  6:53  Marine  
  51  6:54  Marine x3  
  47  7:01  Marine  
  30  7:11  Marine x4, SCV x2  
  30  7:13  SCV  
  36  7:19  Marine  
  37  7:23  SCV x2  
  37  7:29  Marine x3  
  42  7:37  SCV  
  43  7:44  SCV  
  43  7:45  SCV  
  43  7:48  Marine  
  43  7:49  Marine x4, SCV  
  51  7:53  Medivac  
  51  7:57  SCV x2  
  55  8:01  SCV  
  56  8:06  Marine  
  56  8:07  Marine x4  
  56  8:09  SCV  
  56  8:12  SCV  
  63  8:13  SCV  
  64  8:21  SCV  
  64  8:24  Marine x2, SCV  
  64  8:25  Marine x3  
  71  8:33  SCV x2  
  71  8:38  Barracks  
  71  8:39  Barracks  
  71  8:42  Marine, SCV  
  71  8:43  Marine x2  
  71  8:44  Marine  
  76  8:48  Medivac  
  76  8:51  SCV  
  79  9:01  SCV x2  
  80  9:05  SCV  
  81  9:13  Refinery x2, SCV x2  
  81  9:14  Missile Turret  
  81  9:17  Supply Depot, SCV  
  84  9:25  SCV  
  84  9:28  Marine  
  84  9:29  Viking, Marine x4  
  92  9:36  SCV  
  92  9:38  Medivac, SCV  
  96  9:39  Supply Depot  
  96  9:40  Supply Depot, Missile Turret  
  97  9:45  SCV  
  97  9:46  Marine x2  
  97  9:48  Marauder  
  97  9:49  Missile Turret  
  101  10:00  Marine x2  
  101  10:01  SCV  
  101  10:04  Marine x2  
  101  10:05  Barracks Reactor  
  106  10:09  Marine  
  107  10:15  SCV x3  
  107  10:18  Marine x2  
  112  10:21  Marine  
  112  10:24  Factory  
  112  10:27  SCV x3  
  112  10:28  Marine  
  116  10:34  Marine  
  116  10:36  Marine  
  116  10:38  Barracks Reactor  
  116  10:42  Marine  
  117  10:43  Marine  
  117  10:57  Supply Depot x2, Marine x4, Medivac, SCV x2  
  125  11:16  Marine x7, SCV  
  125  11:17  Marine x2  
  125  11:28  SCV x2, Armory  
  125  11:29  SCV  
  125  11:32  Medivac x2, Factory Tech Lab  
  130  11:34  Marine x8  
  130  11:35  Marine  
  141  11:42  Supply Depot  
  141  11:44  Supply Depot  
  135  11:52  Marine x8  
  135  11:53  Marine  
  105  12:09  Marine x7  
  105  12:12  Marine  
  105  12:13  Viking, Marine  
  110  12:17  Medivac  
  110  12:19  Terran Infantry Weapons Level 2  
  110  12:21  Terran Infantry Armor Level 2  
  112  12:27  Marine x3  
  112  12:29  Marine x4  
  119  12:30  Marine  
  119  12:31  Marine  
  121  12:45  Marine x3  
  121  12:46  Marine  
  121  12:47  Marine  
  121  12:48  Marine  
  121  12:49  Marine x2, Barracks x2  
  129  12:57  Barracks  
  129  13:02  Marine, Orbital Command  
  129  13:03  Marine  
  132  13:05  SCV  
  132  13:08  Marine  
  132  13:09  Marine x5  
  132  13:10  Missile Turret  
  138  13:18  Marine  
  139  13:21  Marine, Marauder  
  142  13:28  Marine  
  142  13:29  Marine x5  
  148  13:36  Marine  
  148  13:38  Supply Depot x2  
  148  13:39  Supply Depot, Marine x3  
  152  13:42  Marauder  
  152  13:46  Marine x4  
  152  13:47  Marine  
  152  13:48  Medivac  
  160  14:00  Marine x3  
  160  14:01  Marine x3  
  144  14:03  Marine  
  144  14:04  Marine x2, Marauder  
  144  14:09  Marine x2  
  114  14:18  Marine x6  
  115  14:25  Marauder, SCV  
  111  14:32  Marine x5  
  111  14:33  Medivac  
  111  14:36  Marine x6  
  124  14:44  Medivac  
  126  14:46  Marauder  
  126  14:49  Marine  
  126  14:50  Marine x4  
  133  14:53  Marine  
  133  14:54  Marine  
  133  14:55  Marine x4  
  138  15:01  Supply Depot  
  138  15:02  Supply Depot  
  138  15:07  Marine  
  138  15:08  Marine x4, Marauder  
  138  15:11  Marine  
  138  15:12  Marine x2, Concussive Shells  
  147  15:17  Marine x3  
  147  15:19  Medivac x2  
  153  15:25  Marine  
  153  15:26  Marine x4  
  156  15:29  Marine, Marauder  
  156  15:30  Marine x2  
  156  15:35  Marine x3  
  153  15:43  Marine x4  
  153  15:44  Marine  
  153  15:47  Marine x2  
  153  15:48  Marine  
  123  15:51  Marauder  
  123  15:52  Marine  
  123  15:53  Marine x2  
  125  16:01  Marine x5  
  129  16:05  Marine x2  
  129  16:06  Marine  
  129  16:10  Marine  
  129  16:11  Marine x2  
  129  16:12  Marauder  
  117  16:19  Marine x5  
  117  16:22  Marine  
  117  16:23  Marine  
  117  16:24  Marine  
  101  16:28  Marine  
  101  16:29  Marine x2  
  77  16:33  Marauder  
  77  16:36  Marine  
  77  16:37  Marine x4  
  79  16:40  Marine  
  79  16:41  Marine x2  
  79  16:46  Marine x3  
  74  16:52  SCV  
  74  16:53  SCV  
  72  16:54  Marine  
  72  16:55  Marine x4, Marauder  
  72  16:58  Marine  
  72  16:59  Marine x2  
  73  17:04  Marine x3  
  70  17:12  Marine x2  
  70  17:13  Marine x3  
  74  17:16  Marine x2, Marauder  
  74  17:17  Marine  
  74  17:21  Marine  
  74  17:22  Marine x2  
  75  17:30  Marine x3  
  68  17:37  Marauder  
  68  17:43  Marine  
  70  17:44  Marine x6  
  70  17:48  Marine x3  
Tags
 
Add a new tag
Caveats
  • Supply blocks, unpowered buildings, or Contaminate may cause inaccurate times.
  • Supply counts are checked every 10 seconds.